 Dungeon Crawl Stone Soup version 0.21-a0-578-gc6e9d75 (webtiles) character file.

166 M4edhros the Insei (level 5, -3/31 HPs)
             Began as an Octopode Necromancer on Dec 18, 2017.
             Was a Follower of Cheibriados.
             Slain by a hobgoblin
             ... wielding a +0 spear
              (6 damage)
             ... on level 3 of the Dungeon.
             The game lasted 00:06:56 (941 turns).

M4edhros the Insei (Octopode Necromancer)            Turns: 941, Time: 00:06:57

Health: -3/31      AC:  1    Str: 10      XL:     5   Next: 47%
Magic:  2/8        EV: 13    Int: 17 (19) God:    Cheibriados [*.....]
Gold:   143        SH:  0    Dex: 15      Spells: 3/8 levels left

rFire    . . .     SeeInvis +   n - +0 hunting sling
rCold    . . .     Gourm    .   (no shield)
rNeg     . . .     Faith    .   (helmet restricted)
rPois    .         Spirit   .   (no amulet)
rElec    .         Reflect  .   c - ring of see invisible
rCorr    .         Harm     .   (no ring)
MR       .....                  (no ring)
Stlth    +++.......             (no ring)
HPRegen  0.10/turn              (no ring)
MPRegen  0.11/turn              (no ring)
                                (no ring)
                                (no ring)

@: very slow
A: almost no armour, stealthy swim, amphibious, 8 rings, constrict 8, camouflage
1, gelatinous body 1
a: Bend Time, Renounce Religion


You were on level 3 of the Dungeon.
You worshipped Cheibriados.
Cheibriados was aware of your devotion.
You were hungry.

You visited 1 branch of the dungeon, and saw 4 of its levels.

You collected 143 gold pieces.

Inventory:

Hand Weapons
 i - a +0 hunting sling
 n - a +0 hunting sling (weapon)
Missiles
 o - 40 stones (quivered)
Jewellery
 c - a ring of see invisible (left tentacle)
 l - an uncursed ring of see invisible
Scrolls
 d - a scroll of identify
Books
 a - a book of Necromancy

   Spells                             Type                      Level
   a - Pain                           Necromancy                   1
   b - Animate Skeleton               Necromancy                   1
   c - Vampiric Draining              Necromancy                   3
   d - Regeneration                   Charms/Necromancy            3
   e - Animate Dead                   Necromancy                   4
   f - Control Undead                 Necromancy                   4
Comestibles
 b - 4 rations
 g - 3 chunks of flesh


   Skills:
 - Level 2.0 Dodging
 - Level 2.6 Stealth
 + Level 5.0 Unarmed Combat
 - Level 2.0 Spellcasting
 - Level 4.0 Necromancy


You had 3 spell levels left.
You knew the following spells:

 Your Spells              Type           Power        Failure   Level  Hunger
a - Pain                  Necr           ###.         3%          1    #......
b - Animate Skeleton      Necr           N/A          3%          1    #......
c - Regeneration          Chrm/Necr      #.........   26%         3    ###....


Dungeon Overview and Level Annotations

Branches:
Dungeon (4/15)
 Temple: D:4-7

Altars:
Cheibriados


Innate Abilities, Weirdness & Mutations

You cannot wear most types of armour.
You are very stealthy in the water. (Stealth+)
You are amphibious.
You can wear up to eight rings at the same time.
You can use your tentacles to constrict eight enemies at once.
Your skin changes colour to match your surroundings (Stealth+).
Your rubbery body absorbs attacks. (AC +1, EV +1)


Message History

The dart slug is almost dead.
The hobgoblin barely misses you.
The dart slug bites you but does no damage.
Firing (i - inventory):
o - 42 stones (quivered)
Press: ? - help, Shift-Dir - straight line, f/p - hobgoblin
Aim: a hobgoblin, wielding a spear You shoot a stone.
The frilled lizard hisses angrily.
The stone hits the dart slug.
The dart slug is almost dead.
The hobgoblin hits you from afar with a spear.
* * * LOW HITPOINT WARNING * * *
Firing (i - inventory):
o - 41 stones (quivered)
Press: ? - help, Shift-Dir - straight line, f/p - hobgoblin
Aim: a hobgoblin, wielding a spear You shoot a stone.
The stone hits the dart slug.
You kill the dart slug!
The hobgoblin misses you. The hobgoblin barely misses you.
The hobgoblin hits you with a spear.
You die...

######.....#####.###
.............>....).
#####......≈†.##.###
#......⌠...##.#
####.......≈.###.#
#............# ..#
#.....######## ###
#.)...# #.)@..#
#.[.g.# #####(# #.#
#.l ... ..( ...


You could see a hobgoblin and a frilled lizard.

Vanquished Creatures
  An orc wizard (D:3)
  Jessica (D:3)
  Natasha (twice) (D:3)
  A howler monkey skeleton (D:4)
  An adder (D:4)
  An ooze (D:4)
  A worm (D:4)
  2 dart slugs
  4 orcs (D:3)
  2 bats
  2 giant cockroaches (D:1)
  4 goblins
  A hobgoblin (D:1)
  3 jackals (D:3)
  A quokka (D:4)
  A frilled lizard (D:4)
  2 rats
30 creatures vanquished.

Vanquished Creatures (collateral kills)
  A leopard gecko (D:4)
1 creature vanquished.

Grand Total: 31 creatures vanquished

Notes
Turn   | Place    | Note
-------+----------+-------------------------------------------
     0 | D:1      | M4edhros the Octopode Necromancer began the quest for the Orb.
     0 | D:1      | Reached XP level 1. HP: 11/11 MP: 3/3
    14 | D:1      | Learned a level 1 spell: Animate Skeleton
   137 | D:1      | Reached skill level 1 in Unarmed Combat
   157 | D:1      | Reached XP level 2. HP: 11/17 MP: 5/5
   349 | D:4      | Reached skill level 2 in Unarmed Combat
   406 | D:4      | Found a snail-covered altar of Cheibriados.
   419 | D:4      | Became a worshipper of Cheibriados the Contemplative
   491 | D:4      | Reached XP level 3. HP: 12/21 MP: 0/6
   496 | D:4      | Learned a level 3 spell: Regeneration
   586 | D:3      | Reached skill level 3 in Unarmed Combat
   791 | D:3      | Noticed Jessica
   797 | D:3      | Killed Jessica
   797 | D:3      | Reached XP level 4. HP: 25/27 MP: 7/7
   809 | D:3      | Noticed Natasha
   821 | D:3      | Killed Natasha
   821 | D:3      | Reached skill level 4 in Unarmed Combat
   848 | D:3      | Noticed Natasha
   855 | D:3      | Reached * piety under Cheibriados
   863 | D:3      | Killed Natasha
   863 | D:3      | Reached XP level 5. HP: 7/31 MP: 0/8
   930 | D:3      | Reached skill level 5 in Unarmed Combat
   941 | D:3      | Slain by a hobgoblin

Vault maps used:
D:1:      scummos_arrival_simple_crosswalls, doesnt_xom_only_xom
D:2:      chequers_ecumenical_altar_simple_redux
D:3:      first_ration, hangedman_feature_mirror, uniq_natasha, uniq_jessica,
          uniq_terence
D:4:      cheibriados_altar_1

Skill      XL: |  1  2  3  4  5 |
---------------+----------------+-----
Unarmed Combat | 1 2 3 4 5 |  5.0
Dodging        | |  2.0
Stealth        | |  2.6
Spellcasting   | |  2.0
Necromancy     | |  4.0

Action                   |  1- 3 |  4- 6 || total
-------------------------+-------+-------++-------
Melee: Unarmed           |    48 |    31 ||    79
       Tentacles         |    12 |     7 ||    19
       Constrict         |     9 |    10 ||    19
       Punch             |       |     1 ||     1
 Fire: Hunting sling     |       |     8 ||     8
 Cast: Pain              |    10 |     2 ||    12
       Animate Skeleton  |     4 |     2 ||     6
       Regeneration      |     3 |     3 ||     6
  Use: Potion            |     4 |     2 ||     6
       Scroll            |       |     4 ||     4
 Stab: Sleeping          |     4 |       ||     4
       Fleeing           |       |     1 ||     1
  Eat: Chunk             |     1 |       ||     1
Armor: Skin              |     4 |     5 ||     9
Dodge: Dodged            |    37 |    41 ||    78

Table legend:
 A = Spawn XP
 B = Non-spawn XP
 C = Spawn XP percentage of total XP
 D = Spawn monster count
 E = Non-spawn monster count
 F = Spawn count percentage of total count
 G = Total turns spent on level
                    A         B        C        D         E        F      G
               +---------+---------+-------+---------+---------+-------+---------
         Total |       0 |     238 |   0.0 |       0 |      31 |   0.0 |   941
               +---------+---------+-------+---------+---------+-------+---------
           D:1 |       0 |      11 |   0.0 |       0 |       6 |   0.0 |   150
           D:3 |       0 |     176 |   0.0 |       0 |      16 |   0.0 |   229
           D:4 |       0 |      51 |   0.0 |       0 |       9 |   0.0 |   374
               +---------+---------+-------+---------+---------+-------+---------
